 Dungeon Crawl Stone Soup version 0.27.0-1-g7a08968 (webtiles) character file.

Game seed: 5365466547795141679

46 DreamSheep the Skirmisher (level 3, 0/34 HPs)
             Began as a Naga Fighter on Aug 15, 2021.
             Was a Believer of Jiyva.
             Slain by an ogre (22 damage)
             ... on level 4 of the Dungeon.
             The game lasted 00:03:43 (1773 turns).

DreamSheep the Skirmisher (Naga Fighter)            Turns: 1773, Time: 00:03:43

Health: 0/34       AC:  4    Str: 20    XL:     3   Next: 68%
Magic:  3/3        EV:  5    Int:  7    God:    Jiyva [**....]
Gold:   51         SH:  9    Dex: 10    Spells: 2/2 levels left

rFire    . . .     SeeInvis +   a - +0 trident
rCold    . . .     Faith    .   c - +0 kite shield
rNeg     . . .     Spirit   .   b - +0 scale mail
rPois    +         Reflect  .   (no helmet)
rElec    .         Harm     .   (no cloak)
rCorr    .         Rampage  .   (no gloves)
Will     .....                  (no barding)
Stlth    ..........             (no amulet)
HPRegen  0.11/turn              (no ring)
MPRegen  0.08/turn              (no ring)

@: very slow
A: AC +1, large, see invisible, deformed body, poison resistance, slowness 2,
spit poison 1, naga tail 1
a: Spit Poison, Renounce Religion, Request Jelly


You were on level 4 of the Dungeon.
You worshipped Jiyva.
Jiyva was pleased with you.
You visited 1 branch of the dungeon, and saw 4 of its levels.

You collected 51 gold pieces.

Inventory:

Hand Weapons
 a - a +0 trident (weapon)
Armour
 b - a +0 scale mail (worn)
 c - a +0 kite shield (worn)
 f - a +0 pair of gloves
Scrolls
 g - a scroll of identify {unknown}
 h - a scroll of magic mapping {unknown}
 i - a scroll of teleportation {unknown}
 j - a scroll of vulnerability {unknown}
Potions
 d - a potion of might
 e - 2 potions of flight {unknown}


   Skills:
 + Level 3.5 Fighting
 + Level 2.4 Polearms
 + Level 2.7 Armour
 + Level 2.8 Shields


You had 2 spell levels left.
You didn't know any spells.
Your spell library was empty.

Dungeon Overview and Level Annotations

Branches:
Dungeon (4/15)
 Temple: D:4-7

Altars:
Jiyva


Innate Abilities, Weirdness & Mutations

Your serpentine skin is tough. (AC +1)
You have supernaturally acute eyesight. (SInv)
Armour fits poorly on your strangely shaped body.
Your system is resistant to poisons. (rPois)
You cover ground very slowly.
You can spit poison.
You have a snake-like lower body.


Message History

No target in view!
No target in view!
No target in view!
No target in view!
No target in view!
No target in view!
No target in view!
No target in view!
You see here an adder corpse.
You swap places.
You hear a slurping noise.
There is an open door here.
Found a stone staircase leading down.
Done exploring.
There is a stone staircase leading down here.
You climb downwards.
There is a stone staircase leading up here.
No targets found!
You hear a distant slurping noise.
Jiyva appreciates your sacrifice.
You hear a distant slurping noise.
Jiyva appreciates your sacrifice.
Found a stone staircase leading down.
j - a scroll labelled JAITAS RIYFUFF
Okay, then.
Jiyva's power touches on your attributes.
You feel stronger.
You feel stupid.
There is a stone staircase leading down here.
An ogre comes into view. It is wielding a +0 giant club.
The ogre shouts!
Found a fluorescent wand.
You hit the ogre.
The ogre is lightly wounded.
The ogre hits you with a +0 giant club!
You puncture the ogre!
The ogre is moderately wounded.
The ogre hits you with a +0 giant club!!
Ouch! That really hurt!
You die...

#######.#########
......#...............#
.....#......########.#
....#......# #.#
../#......# #.#
..#......# #.#
#.#......# #.#
####.#......# #..
#...O@......# ###
#....####.### # #......
...# # ##..... ####
#### #..... #<..
....... #### .......
.......


You could see an ogre.

Vanquished Creatures
  3 adders (D:3)
  A dart slug (D:3)
  An orc (D:3)
  A ball python (D:3)
  An endoplasm (D:1)
  3 hobgoblins (D:1)
  5 kobolds
  A bat (D:1)
  2 frilled lizards (D:1)
  A goblin (D:1)
19 creatures vanquished.

Vanquished Creatures (others)
  A worm (D:3)
  An endoplasm (D:4)
  2 goblins (D:3)
  A hobgoblin (D:3)
  A ball python (D:3)
  A frilled lizard (D:3)
  A kobold (D:1)
  A rat (D:3)
9 creatures vanquished.

Grand Total: 28 creatures vanquished

Notes
Turn   | Place    | Note
-------+----------+-------------------------------------------
     0 | D:1      | DreamSheep the Naga Fighter began the quest for the Orb.
     0 | D:1      | Reached XP level 1. HP: 21/21 MP: 1/1
   251 | D:1      | Reached XP level 2. HP: 28/28 MP: 2/2
   459 | D:1      | Found a faded altar of an unknown god.
   554 | D:1      | Became a worshipper of Jiyva Jaatuuxt the Shapeless
   554 | D:1      | Reached * piety under Jiyva
  1122 | D:3      | Reached XP level 3. HP: 34/34 MP: 3/3
  1191 | D:3      | Reached ** piety under Jiyva
  1770 | D:4      | Noticed an ogre
  1773 | D:4      | Slain by an ogre

Illustrated notes

Levels and vault maps discovered:
D:1:      minmay_arrival_solitary_statue, layout_basic,
          hellmonk_ecumenical_altar_leap_of_faith
D:2:      layout_basic
D:3:      layout_basic, minmay_misc_feat_chi
D:4:      minmay_inner_zag, layout_basic, mainiacjoe_overflow_paths,
          grunt_temple_overflow_open, trog_book, minmay_misc_feat_alley

Action                   || total
-------------------------++-------
Melee: Trident           ||    70
Armor: Scale mail        ||    15
Dodge: Dodged            ||    19
Block: Kite shield       ||    25
